 Dungeon Crawl Stone Soup version 0.29-a0-839-g4793fd635e (webtiles) character file.

Game seed: 5708129787724665854

39 PentaManta the Ruffian (level 3, -5/29 HPs)
             Began as a Ghoul Gladiator on July 14, 2022.
             Slain by a gnoll
             ... wielding a +0 halberd
              (13 damage)
             ... on level 2 of the Dungeon.
             The game lasted 00:01:25 (1184 turns).

PentaManta the Ruffian (Ghoul Gladiator)            Turns: 1184, Time: 00:01:26

Health: -5/29      AC:  4    Str: 17    XL:     3   Next: 45%
Magic:  2/2        EV: 12    Int:  5    God:
Gold:   63         SH:  0    Dex: 10    Spells: 2/2 levels left

rFire   . . .      SeeInvis .     - Unarmed
rCold   + . .      Faith    .   (no shield)
rNeg    + + +      Spirit   .   a - +0 leather armour
rPois   ∞          Reflect  .   b - +0 helmet
rElec   .          Harm     .   (no cloak)
rCorr   .          Rampage  .   (no gloves)
Will    .....                   (no boots)
Stlth   +.........              (no amulet)
HPRegen 0.00/turn               (no ring)
MPRegen 0.08/turn               (no ring)

@: inhibited regen
A: claws 1, cold resistance 1, negative energy resistance 3, inhibited
regeneration, torment resistance 2, devour on kill
a: no special abilities


You were on level 2 of the Dungeon.
You visited 1 branch of the dungeon, and saw 2 of its levels.

You collected 63 gold pieces.

Inventory:

Missiles
 c - 3 throwing nets (quivered)
 d - a javelin
Armour
 a - a +0 leather armour (worn)
 b - a +0 helmet (worn)
Jewellery
 g - an amulet of faith
Scrolls
 e - a scroll of magic mapping {unknown}
 f - a scroll of identify {unknown}
 h - a scroll of acquirement {unknown}
 i - a scroll of blinking {unknown}
Potions
 j - a potion of magic {unknown}


   Skills:
 - Level 2.1 Fighting
 - Level 2.0 Throwing
 - Level 2.6 Dodging
 + Level 4.7 Unarmed Combat


You had 2 spell levels left.
You didn't know any spells.
Your spell library was empty.

Dungeon Overview and Level Annotations

Branches:
Dungeon (2/15)

Altars:


Innate Abilities, Weirdness & Mutations

You are immune to poison.
You have sharp fingernails.
Your flesh is cold resistant. (rC+)
You are immune to negative energy. (rN+++)
You do not regenerate when monsters are visible.
You are immune to unholy pain and torment.
You thrive by killing the living.


Message History

Your experience leads to an increase in your attributes!
Increase (S)trength, (I)ntelligence, or (D)exterity?
You feel clever. x2
You throw a stone.
The stone hits the gnoll but does no damage.
A gnoll comes into view. It is wielding a +0 halberd.
The gnoll shouts!
The rat twitches its whiskers.
The gnoll hits you with a +0 spear.
You see here a +0 whip.
You closely miss the gnoll. The gnoll hits you with a +0 spear.
You barely miss the gnoll. The gnoll hits you with a +0 spear.
You barely miss the gnoll. The rat bites you but does no damage.
The gnoll barely misses you.
You claw the gnoll!
The gnoll is heavily wounded.
The rat bites you but does no damage.
The gnoll hits you from afar with a +0 halberd.
The rat bites you but does no damage. The gnoll hits you with a +0 spear.
You scratch the gnoll but do no damage.
The gnoll is heavily wounded.
You scratch the gnoll.
The gnoll is almost dead.
The rat bites you but does no damage.
The gnoll hits you from afar with a +0 halberd!
* * * LOW HITPOINT WARNING * * *
The gnoll misses you. The rat bites you but does no damage.
You scratch the gnoll.
You kill the gnoll!
You feel better. The rat misses you. The gnoll barely misses you.
The rat bites you but does no damage.
Found a stone staircase leading up.
The rat bites you.
* * * LOW HITPOINT WARNING * * *
The rat barely misses you. The gnoll barely misses you.
Things that are here:
a +0 spear; a gnoll corpse You claw the gnoll!
The gnoll is heavily wounded.
The rat misses you. The gnoll hits you with a +0 halberd!
You die...

#.### ####...####
#.........#
##.....##.#
#...####.######
####.............#
####..†...#.#..####.#
#<##.##...#.#r)#
#.##.##...# #r@#
#<....#...#
#.g.......
#.#...#.###
#..#####.< #......#.#
#... ....#.###.# #...
##.##.# #.# #.... ...
... ..... ... ....
##.#.. #####...#


You could see a gnoll and 2 rats.

Vanquished Creatures
  2 gnolls (D:2)
  A dart slug (D:1)
  A giant cockroach (D:1)
  3 goblins (D:1)
  2 hobgoblins (D:1)
  A jackal (D:1)
  2 quokkas
  2 ball pythons
  A kobold (D:1)
  A rat (D:1)
16 creatures vanquished.

Vanquished Creatures (others)
  5 demonic plants (D:1)
  A fungus (D:1)
  2 plants (D:1)
  2 withered plants (D:1)
10 creatures vanquished.

Grand Total: 26 creatures vanquished

Notes
Turn   | Place    | Note
-------+----------+-------------------------------------------
     0 | D:1      | PentaManta the Ghoul Gladiator began the quest for the Orb.
     0 | D:1      | Reached XP level 1. HP: 17/17 MP: 0/0
   194 | D:1      | Found a faded altar of an unknown god.
   218 | D:1      | Reached XP level 2. HP: 24/24 MP: 1/1
   379 | D:1      | Reached skill level 4 in Unarmed Combat
  1174 | D:2      | Reached XP level 3. HP: 29/29 MP: 2/2
  1184 | D:2      | Slain by a gnoll

Illustrated notes

Levels and vault maps discovered:
D:1:      amcnicky_arrival_choice, layout_basic, shapermc_ecumenical_altar_gd,
          st_stairs_6
D:2:      layout_basic, serial_shops, nicolae_shop_stone,
          kennysheep_jessica_study

Skill      XL: |  1  2 |
---------------+-------+-----
Throwing       | 2 |  2.0
Unarmed Combat | 4 |  4.7
Fighting       | |  2.1
Dodging        | |  2.6

Action                   || total
-------------------------++-------
Melee: Unarmed           ||    67
       Punch             ||     2
Throw: Stone             ||     7
Armor: Leather armour    ||    13
Dodge: Dodged            ||    47

Table legend: (Time is in decaauts)
 A = Elapsed time spent in this place.
 B = Non-inter-level travel time spent in this place.
 C = Inter-level travel time spent in this place.
 D = Time resting spent in this place.
 E = Time spent auto-exploring this place.
 F = Levels seen in this place.
 G = Mean time per level.
                   A        B        C        D        E       F      G
               +--------+--------+--------+--------+--------+-----+--------+
         Total |   1178 |   1067 |    111 |      0 |    936 |   2 |  589.0 |
       Dungeon |   1178 |   1067 |    111 |      0 |    936 |   2 |  589.0 |
               +--------+--------+--------+--------+--------+-----+--------+

Top non-repeatable levels by time:
     D:1: 1090 daAuts
     D:2: 88 daAuts
